 Dungeon Crawl Stone Soup version 0.31-b1-18-g61460d1e46 (webtiles) character file.

Game seed: 12112097763234976209

84637 Sobieck the Bludgeoner (level 15, -3/171 HPs)
             Began as an Oni Berserker on Jan 16, 2024.
             Was a High Priest of Trog.
             Slain by a tyrant leech (18 damage)
             ... on level 13 of the Dungeon.
             The game lasted 01:00:52 (28500 turns).

Sobieck the Bludgeoner (Oni Berserker)             Turns: 28500, Time: 01:00:53

Health: -3/171     AC: 13    Str: 37    XL:     15   Next: 81%
Magic:  15/15      EV: 10    Int:  8    God:    Trog [*****.]
Gold:   1713       SH:  0    Dex:  8    Spells: 14/14 levels left

rFire   + . .        a - +5 giant spiked club (flame)
rCold   . . .        (shield currently unavailable)
rNeg    . . .        x - +0 swamp dragon scales
rPois   +            (helmet restricted)
rElec   +            y - +2 cloak {rPois}
rCorr   .            (gloves unavailable)
SInv    .            (boots unavailable)
Will    +....        r - amulet of regeneration Stlth
                     q - ring "Xoextoif" {rElec rF+}
HPRegen 1.28/turn    J - +6 ring of strength
MPRegen 0.14/turn

%: no passive effects
@: on berserk cooldown, slowed, studying Dodging, very slow
A: large, unfitting armour, horns 1, tough skin 1, double potion healing,
drunken brawling
a: Renounce Religion, Berserk, Trog's Hand, Brothers in Arms


You were on level 13 of the Dungeon.
You worshipped Trog.
Trog was extremely pleased with you.
You visited 3 branches of the dungeon, and saw 20 of its levels.
You also visited: Ossuary and Gauntlet.

You collected 2159 gold pieces.
You spent 446 gold pieces at shops.

Inventory:

Hand Weapons
 a - a +5 giant spiked club of flaming (weapon)
 p - a +5 heavy giant spiked club {god gift}
 Y - a +5 antimagic giant club {god gift}
Missiles
 j - 175 stones
 k - 23 poisoned darts
 t - 19 boomerangs (quivered)
 v - 12 javelins
 w - 2 large rocks
 F - 5 curare-tipped darts
 Z - 3 throwing nets
Armour
 o - a scarf of repulsion
 x - +0 swamp dragon scales (worn)
 y - a +2 cloak of poison resistance (worn)
Jewellery
 f - a ring of protection from fire
 g - a ring of resist corrosion
 i - a ring of ice
 q - the ring "Xoextoif" (left hand) {rElec rF+}
   (You found it on level 5 of the Lair of Beasts)

   [ring of protection from fire]

   rF+:       It protects you from fire.
   rElec:     It insulates you from electricity.
 r - an amulet of regeneration (around neck)
 s - a ring of see invisible
 J - a +6 ring of strength (right hand)
 N - an amulet of the acrobat
Wands
 A - a wand of acid (14)
 D - a wand of digging (14)
 E - a wand of charming (23)
 G - a wand of roots (10)
 V - a wand of flame (52)
 X - a wand of polymorph (9)
Scrolls
 b - 3 scrolls of blinking
 l - 7 scrolls of fog
 n - 3 scrolls of immolation
 z - 2 scrolls of vulnerability
 B - 5 scrolls of enchant armour
 I - a scroll of brand weapon
 M - 3 scrolls of revelation
 R - 9 scrolls of identify
 T - 10 scrolls of teleportation
 U - 2 scrolls of noise
Potions
 c - 4 potions of might
 d - 6 potions of enlightenment
 e - 2 potions of invisibility
 h - a potion of attraction
 m - 4 potions of mutation
 u - 2 potions of berserk rage
 C - a potion of ambrosia
 H - 2 potions of haste
 L - 5 potions of lignification
 P - a potion of resistance
 Q - 12 potions of curing
 S - a potion of cancellation
 W - 2 potions of magic
Miscellaneous
 K - a phantom mirror
 O - a lightning rod (4/4)


   Skills:
 + Level 16.6 Fighting
 + Level 17.3 Maces & Flails
 + Level 12.5 Throwing
 - Level 6.0 Armour
 + Level 6.8 Dodging
 - Level 9.0 Evocations


You had 14 spell levels left.
You didn't know any spells.
Your spell library was empty.

Dungeon Overview and Level Annotations

Branches:
Dungeon (13/15)            Temple (0/1) D:4            Lair (5/5) D:9
 Shoals (0/4) Lair:2        Snake (0/4) Lair:3        Slime (0/5) Lair:5
    Orc (2/2) D:11            Elf (0/3) Orc:2       Ossuary (visited)
Gauntlet (visited)
 Vaults: D:13-14

Altars:
Cheibriados
Dithmenos
Okawaru
Trog
Uskayaw
Vehumet
Zin

Shops:
D:10 ?   D:12 !   Orc:1 [   Orc:2 :[***

Portals:
Trove: D:10 (give +6 demon blade)


Innate Abilities, Weirdness & Mutations

You are too large for most types of armour.
You have a pair of small horns on your head.
You have tough skin. (AC +1)
You gain doubled healing and magic from potions.
Whenever you drink a healing potion, you attack all around you.


Message History

The swamp worm bites you!
Unknown command.
You sock the swamp worm! You burn the swamp worm!
Your headbutt misses the swamp worm.
The swamp worm is heavily wounded.
The swamp worm bites you but does no damage.
You thump the swamp worm! You burn the swamp worm. You headbutt the swamp worm!
The swamp worm is severely wounded.
The swamp worm bites you!
The moth of wrath goads the swamp worm on!
The swamp worm goes berserk!
You impale the swamp worm!! You burn the swamp worm.
You kill the swamp worm!
Trog accepts your kill.
Unknown command.
You hit the swamp worm. You burn the swamp worm.
Your headbutt misses the swamp worm.
The swamp worm is lightly wounded.
The swamp worm bites you!
* * * LOW HITPOINT WARNING * * *
Unknown command.
You impale the swamp worm!! You burn the swamp worm.
The swamp worm is heavily wounded.
The swamp worm bites you.
* * * LOW HITPOINT WARNING * * *
You beat the swamp worm like a drum!!!!
You burn the swamp worm!
You kill the swamp worm!
Trog accepts your kill.
Unknown command.
You barely miss the tyrant leech. The tyrant leech bites you!!
* * * LOW HITPOINT WARNING * * *
The tyrant leech draws strength from your injuries!
Unknown command.
You completely miss the tyrant leech.
You are no longer berserk.
You are exhausted.
You feel yourself slow down. The tyrant leech closely misses you.
Unknown command.
You barely miss the tyrant leech. The tyrant leech barely misses you.
Unknown command.
Unknown command.
Okay, then.
Unknown command.
Your deep troll goes berserk!
The swamp worm rages.
The tyrant leech bites you!
* * * LOW HITPOINT WARNING * * *
The tyrant leech draws strength from your injuries!
The tyrant leech bites you!!
You die...

.......#
#...........#
.#####.#
#.###.....#.# .#
#.# #.# #.....#.#
.# #.# ##.#
###.###.# )# ##.#
##..# #.# #.# .#
#..# #..######.#
#.# .# #.##
#.~~~~~##.# #.# .#
#.# #~~~~~~~..#
#.####### .# #.#
#~≈PP@≈T#.#
#.......# .# #.#
#~~##w##~~.#
#######.# .# #.# ~
#~w #~~~# #.#
#####|# #~~ ##≈~#
#.# ......# #~:~
#~~# #######.#
###..## ~≈##~) #≈~.
#..)....#
#..###..~~~#~~
~~~###.#######
#........~~##~ #~~
#.#
##.########~~###≈~#
#.#


You could see a tyrant leech (berserk, ally target), a swamp worm (berserk) and
a friendly deep troll (summoned, berserk).

Vanquished Creatures
  A dire elephant (Gauntlet)
  A minotaur (Gauntlet)
  An ettin (Orc:1)
  Josephine (Lair:5)
  A fire dragon (Lair:5)
  Fannar (D:10)
  An ogre mage (D:12)
  3 hydras
  Harold (D:11)
  10 two-headed ogres
  2 centaur warriors (D:13)
  A boulder beetle (D:11)
  2 catoblepae
  Urug (D:10)
  4 orc high priests
  Sonja (Lair:4)
  A hell hog (Lair:5)
  2 skysharks
  3 skeletal warriors (D:12)
  An arcanist (D:13)
  A swamp dragon (Lair:5)
  An ugly thing (D:12)
  2 deep elf pyromancers
  An oklob plant (Lair:2)
  4 orc sorcerers
  A manticore (D:11)
  Maurice (Orc:1)
  A cyclops (D:12)
  A moth of wrath (Gauntlet)
  2 kobold blastminers (Orc:2)
  3 black mambas
  An elephant (Gauntlet)
  A torpor snail (Lair:5)
  Joseph (Lair:1)
  A guardian serpent (Lair:3)
  11 cane toads
  2 gargoyles
  An efreet (Gauntlet)
  2 minotaur zombies (Gauntlet)
  6 rime drakes
  Jeremiah (D:6)
  2 kobold demonologists (D:12)
  2 tengu conjurers (D:13)
  14 komodo dragons
  9 polar bears (Lair:5)
  2 tyrant leeches (D:13)
  8 trolls
  Grinder (D:3)
  Prince Ribbit (Lair:1)
  22 blink frogs
  A dream sheep (Lair:2)
  A hornet (D:8)
  3 raiju (Lair:5)
  5 slime creatures
  A snapping turtle (Lair:2)
  A centaur simulacrum (D:11)
  3 vampires
  9 wraiths
  80 yaks
  2 wyverns (Lair:1)
  4 fire elementals
  6 wargs
  A water elemental (Lair:2)
  5 vampire mosquitoes
  4 steam dragons
  7 basilisks
  3 swamp worms (D:13)
  Edmund (D:6)
  Duvessa (D:6)
  2 acid dragons
  14 water moccasins
  17 hell hounds
  An ice beast (D:9)
  19 orc warriors
  12 black bears
  27 wolves
  A swamp drake (Lair:5)
  5 ogres
  10 centaurs
  A kobold brigand (D:7)
  A weeping skull (Ossuary)
  7 bullfrogs
  3 water moccasin zombies (Ossuary)
  Dowan (D:6)
  A vampire bat (Lair:4)
  5 howler monkeys
  2 electric eels
  3 bombardier beetles
  3 hounds
  A jelly (D:5)
  2 gnoll boudas
  46 orc priests
  9 iguanas
  6 hell rats (Lair:2)
  24 orc wizards
  A bullfrog simulacrum (Ossuary)
  A crocodile zombie (Ossuary)
  2 mummies (Ossuary)
  16 gnolls
  9 adders
  5 river rats
  A shadow imp (D:7)
  5 white imps
  6 adder zombies (Ossuary)
  2 dart slugs
  2 ribbon worms
  74 orcs
  11 ball pythons
  3 endoplasms
  4 giant cockroaches
  5 goblins
  7 hobgoblins
  8 jackals
  15 kobolds
  7 quokkas
  15 bats
  3 frilled lizards
  8 gnoll zombies (Ossuary)
  6 jackal zombies (Ossuary)
  3 orc zombies (Ossuary)
  17 rats
742 creatures vanquished.

Vanquished Creatures (collateral kills)
  Maggie (D:6)
  An ogre (D:6)
  A river rat (D:6)
  A giant cockroach (D:6)
4 creatures vanquished.

Vanquished Creatures (others)
  2 orc priests (Orc:2)
  An orc wizard (Orc:2)
3 creatures vanquished.

Grand Total: 749 creatures vanquished

Notes
Turn   | Place    | Note
-------+----------+-------------------------------------------
     0 | D:1      | Sobieck the Oni Berserker began the quest for the Orb.
     0 | D:1      | Reached XP level 1. HP: 24/24 MP: 1/1
   127 | D:1      | Reached XP level 2. HP: 33/33 MP: 2/2
   426 | D:1      | Reached ** piety under Trog
   427 | D:1      | Reached XP level 3. HP: 41/41 MP: 3/3
  1043 | D:2      | Reached XP level 4. HP: 48/50 MP: 4/4
  1044 | D:2      | Reached skill level 4 in Maces & Flails
  1159 | D:2      | Found a snail-covered altar of Cheibriados.
  1328 | D:2      | Reached XP level 5. HP: 44/59 MP: 5/5
  1472 | D:2      | Reached skill level 6 in Fighting
  1847 | D:3      | Reached *** piety under Trog
  2089 | D:3      | Reached skill level 5 in Maces & Flails
  2093 | D:3      | Reached XP level 6. HP: 42/68 MP: 6/6
  2550 | D:3      | Found a snail-covered altar of Cheibriados.
  2853 | D:3      | Noticed Grinder
  2868 | D:3      | Killed Grinder
  2869 | D:3      | Reached skill level 6 in Maces & Flails
  2869 | D:3      | Reached XP level 7. HP: 55/81 MP: 7/7
  3234 | D:4      | Found a staircase to the Ecumenical Temple.
  3522 | D:4      | Found a radiant altar of Vehumet.
  3816 | D:5      | Entered Level 5 of the Dungeon
  3857 | D:5      | Reached skill level 9 in Fighting
  3860 | D:5      | Reached XP level 8. HP: 88/92 MP: 8/8
  3860 | D:5      | Reached **** piety under Trog
  4025 | D:5      | Reached skill level 7 in Maces & Flails
  4524 | D:5      | Noticed a moth of wrath
  4527 | D:5      | Found a bloodstained altar of Trog.
  5070 | D:6      | Noticed Jeremiah
  5093 | D:6      | Killed Jeremiah
  5094 | D:6      | Reached skill level 8 in Maces & Flails
  5297 | D:6      | Noticed Edmund
  5311 | D:6      | Killed Edmund
  5510 | D:6      | Noticed Duvessa
  5510 | D:6      | Noticed Dowan
  5525 | D:6      | Killed Duvessa
  5526 | D:6      | Reached XP level 9. HP: 105/105 MP: 9/9
  5533 | D:6      | Killed Dowan
  5919 | D:6      | Noticed Maggie
  5930 | D:6      | Killed Maggie
  5931 | D:6      | Reached skill level 9 in Maces & Flails
  6170 | D:7      | Found a hide-covered altar of Uskayaw.
  6171 | D:7      | Found an iron altar of Okawaru.
  6275 | D:7      | Found a sand-covered staircase.
  6280 | Ossuary  | Entered an ossuary
  6287 | Ossuary  | Reached skill level 12 in Fighting
  7192 | D:8      | Reached skill level 10 in Maces & Flails
  7444 | D:8      | Noticed a hornet
  7446 | D:8      | Reached XP level 10. HP: 88/119 MP: 10/10
  7549 | D:8      | Identified a scroll of acquirement
  7638 | D:8      | Acquired a manual of Dodging
  8623 | D:9      | Reached skill level 11 in Maces & Flails
  8668 | D:9      | Identified the +1 leather armour of Peek-a-Boo {Int+2}
  9234 | D:9      | Reached skill level 12 in Maces & Flails
  9330 | D:9      | Found a staircase to the Lair.
  9837 | D:10     | Entered Level 10 of the Dungeon
  9867 | D:10     | Noticed a two-headed ogre
  9877 | D:10     | Killed a two-headed ogre
  9878 | D:10     | Reached skill level 13 in Maces & Flails
  9878 | D:10     | Reached XP level 11. HP: 127/130 MP: 11/11
 10023 | D:10     | Found Udwesumy's Magic Scroll Boutique.
 10121 | D:10     | Bought a scroll of enchant weapon for 82 gold pieces
 10367 | D:10     | Noticed Urug
 10378 | D:10     | Killed Urug
 10379 | D:10     | Reached skill level 14 in Maces & Flails
 10802 | D:10     | Noticed Fannar
 10814 | D:10     | Killed Fannar
 10815 | D:10     | Reached skill level 1 in Throwing
 10815 | D:10     | Reached skill level 1 in Armour
 10815 | D:10     | Reached skill level 1 in Evocations
 11177 | D:10     | Found a portal to a secret trove of treasure.
 11498 | D:11     | Noticed a boulder beetle
 11506 | D:11     | Killed a boulder beetle
 11828 | D:11     | Noticed Harold
 11835 | D:11     | Killed Harold
 11958 | D:11     | Noticed a manticore
 11966 | D:11     | Reached skill level 3 in Throwing
 11967 | D:11     | Killed a manticore
 12283 | D:11     | Reached XP level 12. HP: 140/140 MP: 12/12
 12285 | D:11     | Reached skill level 3 in Armour
 12586 | D:11     | Reached skill level 3 in Evocations
 12863 | D:11     | Found a staircase to the Orcish Mines.
 13018 | D:12     | Noticed a two-headed ogre
 13026 | D:12     | Killed a two-headed ogre
 13074 | D:12     | Reached ***** piety under Trog
 13209 | D:12     | Reached skill level 15 in Fighting
 13525 | D:12     | Found Owoiral's Distillery.
 13552 | D:12     | Bought a potion of heal wounds for 70 gold pieces
 13552 | D:12     | Bought a potion of resistance for 140 gold pieces
 13552 | D:12     | Bought a potion of curing for 42 gold pieces
 13552 | D:12     | Bought a potion of cancellation for 112 gold pieces
 14111 | D:12     | Noticed a two-headed ogre
 14113 | D:12     | Noticed an ogre mage
 14113 | D:12     | Noticed a two-headed ogre
 14114 | D:12     | Noticed a two-headed ogre
 14117 | D:12     | Noticed a two-headed ogre
 14124 | D:12     | Killed a two-headed ogre
 14127 | D:12     | Killed a two-headed ogre
 14132 | D:12     | Killed an ogre mage
 14523 | D:12     | Killed a two-headed ogre
 14524 | D:12     | Reached skill level 15 in Maces & Flails
 14667 | D:12     | Reached XP level 13. HP: 147/152 MP: 13/13
 14761 | D:12     | Found a glowing silver altar of Zin.
 15005 | D:13     | Reached skill level 6 in Throwing
 15006 | D:13     | Received a gift from Trog
 15462 | Lair:1   | Entered Level 1 of the Lair of Beasts
 15559 | Lair:1   | Noticed Joseph
 15573 | Lair:1   | Killed Joseph
 15585 | Lair:1   | Reached skill level 6 in Armour
 16067 | Lair:1   | Reached skill level 6 in Evocations
 16885 | Lair:2   | Received a gift from Trog
 16942 | Lair:2   | Found a staircase to the Shoals.
 17123 | Lair:2   | Noticed Prince Ribbit
 17141 | Lair:1   | Killed Prince Ribbit
 17611 | Lair:2   | Reached XP level 14. HP: 162/162 MP: 14/14
 17787 | Lair:2   | Reached skill level 16 in Maces & Flails
 18268 | Lair:3   | Found a staircase to the Snake Pit.
 19015 | Lair:4   | Found a gate leading to a gauntlet.
 19021 | Gauntlet | Entered a Gauntlet
 19021 | Gauntlet | Found a transporter.
 19021 | Gauntlet | Found a transporter.
 19025 | Gauntlet | Found a transporter.
 19025 | Gauntlet | Found a transporter.
 19025 | Gauntlet | Found a transporter.
 19026 | Gauntlet | Found a transporter.
 19036 | Gauntlet | Found a transporter.
 19037 | Gauntlet | Found a transporter.
 19040 | Gauntlet | Found a transporter.
 19040 | Gauntlet | Found a transporter.
 19043 | Gauntlet | Noticed a dire elephant
 19052 | Gauntlet | Found a transporter.
 19216 | Gauntlet | Found a transporter.
 19304 | Gauntlet | Identified the orb of Ciofrergh {*channel, -Tele Slay+4
                  | Necro Ice}
 19350 | Gauntlet | Reached skill level 9 in Throwing
 19607 | Gauntlet | Identified the ring "Hyvooqiq" {Wiz rF- MP+9 Str+3}
 19632 | Gauntlet | Killed a dire elephant
 19914 | Gauntlet | Identified the +4 morningstar of Midwinter {speed, Will+
                  | rCorr Str-3 Dex+7}
 19914 | Gauntlet | Identified the +4 battleaxe of Boonerruh {drain, *Rage
                  | rPois Str+3 Stlth+}
 20908 | Lair:4   | Found a shadowy altar of Dithmenos.
 21115 | Lair:5   | Entered Level 5 of the Lair of Beasts
 21233 | Lair:5   | Noticed Sonja
 21447 | Lair:4   | Killed Sonja
 21580 | Lair:5   | Received a gift from Trog
 21694 | Lair:5   | Found a staircase to the Slime Pits.
 21903 | Lair:5   | Noticed Josephine
 21909 | Lair:5   | Reached skill level 17 in Maces & Flails
 21914 | Lair:5   | Killed Josephine
 22231 | Lair:5   | Reached XP level 15. HP: 141/170 MP: 15/15
 22631 | Lair:5   | Reached skill level 9 in Evocations
 22731 | Lair:5   | Reached ****** piety under Trog
 22795 | Lair:5   | Received a gift from Trog
 23004 | Lair:5   | Reached skill level 12 in Throwing
 23543 | Lair:5   | Reached skill level 3 in Dodging
 24661 | Lair:5   | Identified the ring "Xoextoif" {rElec rF+}
 24910 | Orc:1    | Entered Level 1 of the Orcish Mines
 24917 | Orc:1    | Noticed Maurice
 25062 | Orc:1    | Something stole a ring of resist corrosion
 25065 | Orc:1    | Killed Maurice
 25240 | Orc:1    | Found Letojoph's Antique Armour Emporium.
 25552 | Orc:2    | Entered Level 2 of the Orcish Mines
 25965 | Orc:1    | Received a gift from Trog
 26632 | Orc:2    | Reached skill level 6 in Dodging
 26788 | Orc:2    | Found Ligoifai's Book Boutique.
 26788 | Orc:2    | Found Gaal's Assorted Antiques.
 26788 | Orc:2    | Found Xoet's Antique Armour Boutique.
 26793 | Orc:2    | Found Eckem's General Store.
 27347 | Orc:2    | Found Miq Ysaz's Overcharged Wands.
 27450 | Orc:2    | Found a staircase to the Elven Halls.
 28500 | D:13     | Slain by a tyrant leech

Illustrated notes

Levels and vault maps discovered:
D:1:      heliophobic_arrival_henge, layout_loops_ring, serial_bayou,
          serial_bayou_pond_a, serial_bayou_ford_a, serial_bayou_crossing,
          serial_bayou_lagoon_a, minmay_tall_x
D:2:      layout_loops_ring, basic_altar, hangedman_glass_teeth,
          minmay_tromino_i4
D:3:      layout_loops_ring, slow_altar_2, minmay_goblin_kobold_house,
          uniq_grinder
D:4:      layout_cave_pools, general_overflow_altar,
          minmay_temple_entry_glassed_door, corexii_checkpoint,
          minmay_joined_circles
D:5:      layout_cave_pools, tgw_trog
D:6:      layout_basic, portal_sewer_entry_e, roderic_st_hans_cross,
          uniq_jeremiah, uniq_maggie, uniq_edmund, uniq_duvessa
D:7:      layout_loops_ring, nicolae_overflow_squiral,
          nicolae_ossuary_entry_plus, minmay_misc_feat_secret_circle
D:8:      layout_layer_cave, kennysheep_generic_room_9
D:9:      layout_roguey, hellmonk_lair_entry_icy
D:10:     kennysheep_six_static_rooms, layout_irregular_city, serial_shops,
          nicolae_shop_hallway_plus, nicolae_trove_entry_crystal,
          solitary_fountain, hangedman_decor_diamond_cutter, minmay_misc_feat_x,
          uniq_fannar, uniq_urug
D:11:     layout_loops_corners, hiddenorc1_lemuel, uniq_harold
D:12:     layout_loops_corners, serial_shops, nicolae_shop_advertising_works
          [nicolae_subvault_shop_adworks], zin_treasury
D:13:     layout_loops_ring, david_vaults_1, serial_shops, bzr_entry_dummy,
          worms_lemuel
Lair:1:   layout_cave_pods, uniq_joseph
Lair:2:   layout_chaotic_city, minmay_shoals_entry_hut, nicolae_lair_lil_pond,
          kennysheep_abandoned_house, uniq_prince_ribbit2
Lair:3:   layout_gridlike, minmay_snake_entry_spellcaster, st_stairs_8,
          lemuel_fruit_tree, serial_bayou_shore_a
Lair:4:   layout_hall_layers, gauntlet_entry_generic, basic_altar,
          roderic_batcave, minivault_11, bobbens_ice_dragon_lair
Lair:5:   guppyfry_lair_end_dragon, layout_gridlike,
          hangedman_lair_caniforms_friends, slime_entry_1, uniq_sonja,
          uniq_josephine
Orc:1:    layout_caves, basic_altar, serial_shops,
          nicolae_shop_getting_attention, uniq_maurice
Orc:2:    st_orc_mages, layout_caves, nicolae_shop_overcharged_wands

Skill      XL: |  1  2  3  4  5  6  7  8  9 10 11 12 13 14 15 |
---------------+----------------------------------------------+-----
Fighting       | 5 6 8 9 11 13 14 15 16 | 16.6
Maces & Flails | 4 5 6 8 10 13 14 15 17 | 17.3
Throwing       | 3 5 8 10 12 | 12.5
Armour         | 2 5 6 |  6.0
Evocations     | 2 4 6 8 9 |  9.0
Dodging        | 6 |  6.8

Action                     |  1- 3 |  4- 6 |  7- 9 | 10-12 | 13-15 || total
---------------------------+-------+-------+-------+-------+-------++-------
  Melee: Mace              |    28 |   109 |   256 |       |       ||   393
         Headbutt          |    12 |    28 |    64 |    63 |   146 ||   313
         Whip              |    59 |    63 |       |       |       ||   122
         Punch             |     1 |     1 |       |       |       ||     2
         Giant spiked club |       |       |   123 |   353 |   909 ||  1385
  Throw: Stone             |       |       |    11 |     4 |     8 ||    23
         Dart              |       |       |     2 |     3 |     9 ||    14
         Javelin           |       |       |       |     2 |       ||     2
         Large rock        |       |       |       |       |    10 ||    10
         Boomerang         |       |       |       |       |     8 ||     8
 Invoke: Berserk           |       |     3 |     4 |     6 |     5 ||    18
         Trog's Hand       |       |       |     1 |     2 |     1 ||     4
         Brothers in Arms  |       |       |     1 |       |     1 ||     2
  Evoke: Wand              |       |       |       |       |     2 ||     2
    Use: Scroll            |       |     7 |    17 |     8 |     5 ||    37
         Potion            |       |       |       |     1 |     3 ||     4
   Stab: Petrified         |       |       |       |       |     4 ||     4
         Distracted        |       |       |       |       |     1 ||     1
 Armour: Animal skin       |    57 |    98 |   210 |       |       ||   365
         Swamp dragon scal |       |       |    68 |   298 |   960 ||  1326
  Dodge: Dodged            |    45 |    74 |   174 |   170 |   565 ||  1028
